 Dungeon Crawl Stone Soup version 0.21.0-37-g46506fa (webtiles) character file.

58 Santangelo the Skirmisher (level 4, 0/40 HPs)
             Began as a Hill Orc Fighter on Feb 1, 2018.
             Was an Initiate of Beogh.
             Slain by an orc wizard
             ... wielding a +0 dagger
              (2 damage)
             ... on level 3 of the Dungeon.
             The game lasted 00:13:20 (1341 turns).

Santangelo the Skirmisher (Hill Orc Fighter)        Turns: 1341, Time: 00:13:21

Health: 0/40       AC: 10    Str: 19    XL:     4   Next: 1%
Magic:  4/4        EV:  5    Int:  8    God:    Beogh [......]
Gold:   126        SH:  9    Dex: 10    Spells: 3/3 levels left

rFire    . . .     SeeInvis .   a - +0 long sword
rCold    . . .     Gourm    .   c - +0 shield
rNeg     . . .     Faith    .   q - +0 chain mail
rPois    .         Spirit   .   i - +0 helmet
rElec    .         Reflect  .   (no cloak)
rCorr    .         Harm     .   (no gloves)
MR       .....                  (no boots)
Stlth    ..........             (no amulet)
HPRegen  0.13/turn              t - ring of wizardry
MPRegen  0.09/turn              (no ring)

@: no status effects
A: no striking features
a: Renounce Religion


You were on level 3 of the Dungeon.
You worshipped Beogh.
Beogh was noncommittal.
You were hungry.

You visited 1 branch of the dungeon, and saw 3 of its levels.

You collected 126 gold pieces.

Inventory:

Hand Weapons
 a - a +0 long sword (weapon)
 e - a +0 dagger
 j - a +0 club
 m - a +0 short sword
 o - a cursed -2 club
 p - a +0 club
 w - a cursed +0 dagger
 y - a +0 whip
 z - a +0 dagger
Missiles
 g - 46 stones (quivered)
 r - 11 poisoned needles
Armour
 b - a +0 scale mail
 c - a +0 shield (worn)
 i - a +0 helmet (worn)
 n - a +0 leather armour
 q - a +0 chain mail (worn)
 A - a +0 robe
Jewellery
 t - a ring of wizardry (left hand)
Scrolls
 k - 2 scrolls of identify
 l - a scroll of enchant armour {unknown}
 s - a scroll of remove curse {unknown}
 x - a scroll of blinking {unknown}
Potions
 d - a potion of might
 u - a potion of haste {unknown}
Comestibles
 f - 3 rations
 h - 2 chunks of flesh


   Skills:
 + Level 4.0 Fighting
 + Level 3.2 Long Blades
 + Level 3.8 Armour
 + Level 0.1 Dodging
 + Level 3.8 Shields


You had 3 spell levels left.
You didn't know any spells.

Dungeon Overview and Level Annotations

Branches:
Dungeon (3/15)

Altars:
Vehumet


Message History

A puff of flame appears from out of thin air!
The puff of flame misses you. The orc barely misses you.
You slash something! You block something's attack.
The orc hits you from afar with a trident.
* * * LOW HITPOINT WARNING * * *
You closely miss something. Something hits you but does no damage.
You block the orc's attack.
You miss something. Something hits you but does no damage.
The orc barely misses you. Something hits you but does no damage.
You closely miss something.
The orc hits you from afar with a trident.
* * * LOW HITPOINT WARNING * * *
Something hits you but does no damage. You block the orc's attack.
As you read the scroll labeled YTONECRAGHA, it crumbles to dust.
You hear whispers in an ancient language.
It was a scroll of random uselessness.
You block something's attack. You block the orc's attack.
You miss something. Something hits you.
You die...
Beogh appreciates something's killing of a heretic priest.

...........#
..........##
.........########
#...............#
#.###..#.......# #.
##.#.......# ##
#.........#
.#.#..######.......#
.......((..{@......#
...#.>..).o).......#
#....###............
##### ##...o....o..#
#...(.......#
#...........#
#..........
...........
####[.......


You could see an orc, a neutral orc priest (wandering) and a neutral orc
(wandering).

Vanquished Creatures
  An adder (D:2)
  An ooze (D:1)
  2 dart slugs (D:1)
  3 orcs (D:3)
  7 bats
  A giant cockroach (D:1)
  3 hobgoblins (D:2)
  7 kobolds
  A ball python (D:3)
  5 frilled lizards
  3 goblins
  4 rats
38 creatures vanquished.

Vanquished Creatures (others)
  An orc wizard (D:3)
  A bat (D:3)
2 creatures vanquished.

Grand Total: 40 creatures vanquished

Notes
Turn   | Place    | Note
-------+----------+-------------------------------------------
     0 | D:1      | Santangelo the Hill Orc Fighter began the quest for the Orb.
     0 | D:1      | Reached XP level 1. HP: 19/19 MP: 1/1
   106 | D:1      | Reached XP level 2. HP: 26/27 MP: 2/2
   611 | D:1      | Reached skill level 4 in Fighting
   730 | D:2      | Reached XP level 3. HP: 29/33 MP: 3/3
   787 | D:2      | Found a radiant altar of Vehumet.
  1266 | D:3      | Became a worshipper of Beogh the Brigand
  1331 | D:3      | Reached XP level 4. HP: 4/40 MP: 4/4
  1336 | D:3      | HP: 2/40 [orc/trident (3)]
  1341 | D:3      | Slain by an orc wizard

Skill      XL: |  1  2  3 |
---------------+----------+-----
Fighting       | 4 |  4.0
Long Blades    | 3 |  3.2
Armour         | |  3.8
Dodging        | |  0.1
Shields        | |  3.8

Action                   |  1- 3 |  4- 6 || total
-------------------------+-------+-------++-------
Melee: Long sword        |   133 |     8 ||   141
Invok: Convert to Beogh  |     1 |       ||     1
  Use: Scroll            |     2 |     1 ||     3
  Eat: Chunk             |     1 |       ||     1
Armor: Scale mail        |    62 |       ||    62
       Chain mail        |    39 |     3 ||    42
Dodge: Dodged            |    65 |     8 ||    73
Block: Shield            |   103 |     7 ||   110
       Rpst.: Long sword |    19 |       ||    19
